 Dungeon Crawl Stone Soup version 0.22-a0-110-g5b255cf (webtiles) character file.

25 nono the Skirmisher (level 3, 0/20 HPs)
             Began as a Vine Stalker Fighter on Jan 27, 2018.
             Slain by a jackal (2 damage)
             ... on level 1 of the Dungeon.
             The game lasted 00:01:46 (583 turns).

nono the Skirmisher (Vine Stalker Fighter)           Turns: 583, Time: 00:01:47

Health: 0/20       AC:  1    Str: 19    XL:     3   Next: 4%
Magic:  0/4        EV:  8    Int:  8    God:
Gold:   34         SH:  9    Dex: 13    Spells: 2/2 levels left

rFire    . . .     SeeInvis .   a - +0 rapier
rCold    . . .     Gourm    .   c - +0 shield
rNeg     . . .     Faith    .   h - -2 leather armour (curse)
rPois    .         Spirit   +   (no helmet)
rElec    .         Reflect  .   (no cloak)
rCorr    .         Harm     .   (no gloves)
MR       .....                  (no boots)
Stlth    +.........             (no amulet)
HPRegen  0.06/turn              (no ring)
MPRegen  0.09/turn              (no ring)

@: no status effects
A: fangs 2, magic shield, antimagic bite, no potion heal 3, rot immunity
a: no special abilities


You were on level 1 of the Dungeon.
You were not hungry.

You visited 1 branch of the dungeon, and saw 1 of its levels.

You collected 34 gold pieces.

Inventory:

Hand Weapons
 a - a +0 rapier (weapon)
Armour
 b - a +0 scale mail
 c - a +0 shield (worn)
 h - a cursed -2 leather armour (worn)
 i - a +0 ring mail
Scrolls
 j - a scroll of teleportation
Potions
 d - a potion of might
 e - a potion of curing {unknown}
 g - a potion of magic {unknown}
Comestibles
 f - 2 rations


   Skills:
 + Level 3.1 Fighting
 + Level 2.3 Short Blades
 - Level 2.4 Armour
 + Level 3.0 Shields


You had 2 spell levels left.
You didn't know any spells.

Dungeon Overview and Level Annotations

Branches:
Dungeon (1/15)

Altars:


Innate Abilities, Weirdness & Mutations

You have extremely sharp teeth.
When hurt, damage is shared between your health and your magic reserves.
Your bite disrupts and absorbs the magic of your enemies.
Potions cannot restore your health.
You are immune to rotting.


Message History

The jackal barely misses you.
You barely miss the jackal. You bite the jackal, but do no damage.
The jackal bites you. You block the jackal's attack.
You hit the jackal but do no damage. Your bite misses the jackal.
You block the jackal's attack. x2
You closely miss the jackal. Your bite misses the jackal.
You block the jackal's attack.
You closely miss the jackal. You block the jackal's attack.
The jackal bites you.
* * * LOW HITPOINT WARNING * * *
You closely miss the jackal. The jackal bites you.
* * * LOW HITPOINT WARNING * * *
You block the jackal's attack.
You closely miss the jackal. You block the jackal's attack.
The jackal bites you.
* * * LOW HITPOINT WARNING * * *
You closely miss the jackal. Your bite misses the jackal. The jackal bites you.
* * * LOW HITPOINT WARNING * * *
You hit the jackal but do no damage. The jackal bites you.
You die...

#### ...(. .[...
...... ......###.#
........#.# #h#.#
#@#.# #.#.#
######### #.#.#
#.......# #.#^#
##.......#### #.#.#
...........># #.#.#
#.......##.# #.#.#
#.......##)####.#.#
#.......##......#.#


You could see a jackal.

Vanquished Creatures
  A dart slug (D:1)
  3 giant cockroaches (D:1)
  A goblin (D:1)
  2 hobgoblins (D:1)
  2 jackals (D:1)
  2 bats (D:1)
  A frilled lizard (D:1)
  7 kobolds (D:1)
  2 rats (D:1)
21 creatures vanquished.

Notes
Turn   | Place    | Note
-------+----------+-------------------------------------------
     0 | D:1      | nono the Vine Stalker Fighter began the quest for the Orb.
     0 | D:1      | Reached XP level 1. HP: 11/11 MP: 2/2
   125 | D:1      | Reached XP level 2. HP: 11/16 MP: 3/3
   574 | D:1      | Reached XP level 3. HP: 8/20 MP: 0/4
   583 | D:1      | Slain by a jackal

Vault maps used:
D:1:      shiori_shiawase, st_stairs_13

Skill      XL: |  1  2 |
---------------+-------+-----
Short Blades   | 2 |  2.3
Fighting       | 3 |  3.1
Shields        | 3 |  3.0
Armour         | |  2.4

Action                   || total
-------------------------++-------
Melee: Rapier            ||    63
       Bite              ||    20
  Use: Scroll            ||     1
Armor: Scale mail        ||    11
Dodge: Dodged            ||    25
Block: Shield            ||    22

Table legend:
 A = Spawn XP
 B = Non-spawn XP
 C = Spawn XP percentage of total XP
 D = Spawn monster count
 E = Non-spawn monster count
 F = Spawn count percentage of total count
 G = Total turns spent on level
                    A         B        C        D         E        F      G
               +---------+---------+-------+---------+---------+-------+---------
         Total |       0 |      36 |   0.0 |       0 |      21 |   0.0 |   583
               +---------+---------+-------+---------+---------+-------+---------
           D:1 |       0 |      36 |   0.0 |       0 |      21 |   0.0 |   583
               +---------+---------+-------+---------+---------+-------+---------
